 Dungeon Crawl Stone Soup version 0.29-a0-333-gb4c28e87c6 (webtiles) character file.

Game seed: 1261752129188866181

28 Jortsu the Skirmisher (level 2, 24/24 HPs)
             Began as a Demonspawn Fighter on Apr 13, 2022.
             Was a Follower of Vehumet.
             Quit the game on level 1 of the Dungeon.
             The game lasted 00:01:01 (860 turns).

Jortsu the Skirmisher (Demonspawn Fighter)           Turns: 860, Time: 00:01:02

Health: 24/24      AC:  6    Str: 16    XL:     2   Next: 96%
Magic:  2/2        EV:  8    Int:  9    God:    Vehumet [*.....]
Gold:   38         SH:  4    Dex: 12    Spells: 1/1 levels left

rFire   . . .      SeeInvis .   a - +0 war axe
rCold   . . .      Faith    .   c - +0 buckler
rNeg    . . .      Spirit   .   b - +0 scale mail
rPois   .          Reflect  .   (no helmet)
rElec   .          Harm     .   (no cloak)
rCorr   .          Rampage  .   (no gloves)
Will    .....                   (no boots)
Stlth   ..........              e - amulet of the acrobat
HPRegen 0.08/turn               (no ring)
MPRegen 0.08/turn               (no ring)

@: no status effects
A: weakness stinger 1
a: Renounce Religion


You were on level 1 of the Dungeon.
You worshipped Vehumet.
Vehumet was aware of your devotion.
You visited 1 branch of the dungeon, and saw 1 of its levels.

You collected 38 gold pieces.

Inventory:

Hand Weapons
 a - a +0 war axe (weapon)
Armour
 b - a +0 scale mail (worn)
 c - a +0 buckler (worn)
Jewellery
 e - an amulet of the acrobat (around neck)
Scrolls
 f - a scroll of enchant armour {unknown}
 g - a scroll of holy word {unknown}
Potions
 d - a potion of might


   Skills:
 + Level 3.2 Fighting
 + Level 2.0 Axes
 + Level 3.1 Armour
 + Level 0.2 Stealth
 + Level 3.0 Shields


You had one spell level left.
You didn't know any spells.
Your spell library was empty.

Dungeon Overview and Level Annotations

Branches:
Dungeon (1/15)

Altars:
Vehumet

Shops:
D:1 [


Innate Abilities, Weirdness & Mutations

You have a small tail.


Message History

The hobgoblin shouts!
A hobgoblin is nearby!
The hobgoblin hits you but does no damage.
You slash the hobgoblin!
You kill the hobgoblin!
Found a stone staircase leading down.
There is a stone staircase leading down here.
You now have 33 gold pieces (gained 9).
Found 16 stones.
A giant cockroach comes into view.
Found a faded altar of an unknown god.
The giant cockroach moves out of view.
The giant cockroach splashes around in the water.
The giant cockroach completely misses you.
You see here 16 stones.
You see here 5 gold pieces.
You barely miss the giant cockroach. The giant cockroach barely misses you.
You closely miss the giant cockroach.
The giant cockroach bites you but does no damage.
The giant cockroach bites you.
You hit the giant cockroach.
The giant cockroach is heavily wounded.
The giant cockroach barely misses you.
The giant cockroach bites you but does no damage.
You slash the giant cockroach!
You kill the giant cockroach!
You see here 16 stones.
You now have 38 gold pieces (gained 5).
A kobold comes into view. It is wielding a +0 short sword.
The kobold shouts!
You slash the kobold!
You kill the kobold!
There is a faded altar of an unknown god, spattered with blood here.
Things that are here:
a +0 short sword; 4 stones You cannot tell which god this altar belongs to.
Convert to them anyway?
Vehumet accepts your prayer! Vehumet welcomes you!
You can now gain magical power from killing.
Vehumet offers you knowledge of Sandblast.
Are you sure you want to abandon this character and quit the game? (Confirm with "yes".)

#.. .## ## ...... .. ##
##.##.##.###....######
##.#.≈.≈.#.##.# .......
##.#..≈.≈..#.#.###....##
#.#≈≈≈≈.≈≈≈≈#..........
#..≈.≈≈≈.≈..#.# #..#.#
#...≈≈@≈≈...#.###..#.##
#...≈≈.≈≈...#....>.....
#...≈.≈.≈...#.#....#.#.
#..≈.≈.≈.≈..#.#.##.#.#.
#.#≈.≈...≈.≈#..#....#.#.
##..≈.....≈.(########.#.
##.#.....#...........#.
##.#####.############.
## ..## #.


There were no monsters in sight!

Vanquished Creatures
  A ball python (D:1)
  2 bats (D:1)
  3 endoplasms (D:1)
  A giant cockroach (D:1)
  A goblin (D:1)
  2 hobgoblins (D:1)
  4 jackals (D:1)
  3 quokkas (D:1)
  A frilled lizard (D:1)
  3 kobolds (D:1)
  A rat (D:1)
22 creatures vanquished.

Vanquished Creatures (others)
  A fungus (D:1)
1 creature vanquished.

Grand Total: 23 creatures vanquished

Notes
Turn   | Place    | Note
-------+----------+-------------------------------------------
     0 | D:1      | Jortsu the Demonspawn Fighter began the quest for the Orb.
     0 | D:1      | Reached XP level 1. HP: 18/18 MP: 1/1
    33 | D:1      | Found Ruok's Armour Shoppe.
   217 | D:1      | Gained mutation: You have a small tail. [demonic ancestry]
   217 | D:1      | Reached XP level 2. HP: 24/24 MP: 2/2
   841 | D:1      | Found a faded altar of an unknown god.
   859 | D:1      | Prayed at the altar of an unknown god.
   859 | D:1      | Became a worshipper of Vehumet
   859 | D:1      | Reached * piety under Vehumet
   859 | D:1      | Offered knowledge of Sandblast by Vehumet.
   860 | D:1      | Quit the game

Illustrated notes

Levels and vault maps discovered:
D:1:      wander_arrival_fairy_ring, layout_basic,
          shapermc_ecumenical_altar_starsandcircs, serial_shops,
          nicolae_shop_waterfront

Skill      XL: |  1  2 |
---------------+-------+-----
Armour         | 3 |  3.1
Axes           | 2 |  2.0
Shields        | 3 |  3.0
Fighting       | |  3.2
Stealth        | |  0.2

Action                   || total
-------------------------++-------
Melee: War axe           ||    72
       Tailslap          ||     4
Armor: Scale mail        ||    30
Dodge: Dodged            ||    43
Block: Buckler           ||    24

Table legend: (Time is in decaauts)
 A = Elapsed time spent in this place.
 B = Non-inter-level travel time spent in this place.
 C = Inter-level travel time spent in this place.
 D = Time resting spent in this place.
 E = Time spent auto-exploring this place.
 F = Levels seen in this place.
 G = Mean time per level.
                   A        B        C        D        E       F      G
               +--------+--------+--------+--------+--------+-----+--------+
         Total |    892 |    892 |      0 |    229 |    474 |   1 |  892.0 |
       Dungeon |    892 |    892 |      0 |    229 |    474 |   1 |  892.0 |
               +--------+--------+--------+--------+--------+-----+--------+

Top non-repeatable levels by time:
     D:1: 892 daAuts
